[Event "15th Paleochora Open 2022"]
[Site "Paleochora"]
[Date "2022.07.17"]
[Round "1.11"]
[White "Yilmazyerli, Mert"]
[Black "Stefan, Victor"]
[Result "1-0"]
[ECO "D32"]
[WhiteElo "2520"]
[BlackElo "2026"]
[Annotator "TA"]
[PlyCount "59"]
[EventDate "2022.07.17"]
[EventType "swiss"]
[EventCountry "GRE"]
[SourceTitle "playchess.com"]
[Source "ChessBase"]
[SourceQuality "1"]
[TimeControl "40/5400+30:900+30"]

1. c4 e6 2. Nc3 d5 3. d4 c5 4. cxd5 exd5 5. Nf3 Nc6 6. dxc5 d4 7. Na4 Bxc5 {[%emt 0:00:26][%mdl 64] Decoy. D32: Tarrasch Defence: Sidelines and lines without g3.} 8. Nxc5 Qa5+ 9. Bd2 ({Better is} 9. Qd2 $1 $14 Qxc5 10. e3) 9... Qxc5 $11 {[%emt 0:00:05] The position is equal.} 10. Rc1 Qb6 11. e3 Nge7 12. Bc4 O-O 13. exd4 Nxd4 14. Nxd4 Qxd4 15. O-O {[%emt 0:08:16] [#]} Qxb2 $146 ({Predecessor:} 15... Bg4 16. Qc2 Nc6 17. Be3 Qf6 18. Qe4 Be6 19. Bxe6 Qxe6 20. Qxe6 fxe6 21. Rfd1 Rfd8 {½-½ (34) Harding,T (2003)-Cafolla,P (1958) Dublin 2021}) 16. Qe1 Nc6 $1 17. Bc3 {[%emt 0:03:08][%mdl 1024] White has compensation.} Qb6 (17... Qa3 $11) 18. Qe4 (18. Bd3 $1 $16 {aiming for Qe4.} f5 19. Qe2) 18... Qc5 $1 19. Bd5 {[%emt 0:10:45][%cal Oc3g7] This bishop pair is nice.} Qd6 (19... Rd8 $5 20. Bxc6 Qxc6 $15) 20. Rfe1 Qg6 21. Qf4 {[%emt 0:00:09] Threatens to win with Re3.} Be6 {[%emt 0:03:45] [#]} 22. Re3 $1 {[%emt 0:08:46] Hoping for Be4.} Bxd5 23. Rg3 Bxa2 24. Rxg6 hxg6 (24... fxg6 $11 {keeps the balance.} 25. Qa4 Be6) 25. h4 {[%emt 0:01:26] White is more active.} (25. Qd2 $1 $16 Be6 26. Qb2) 25... a5 $2 {[%emt 0:06:05] [#] Black cannot hold the game after this.} (25... f6 $14) 26. h5 $1 $40 {[%emt 0:01:02][%mdl 128] White goes for the king.} gxh5 $2 {[%emt 0:00:48] [#]} (26... Rae8 27. Qg5 f6 28. Qxg6 Bf7) 27. Bxg7 $1 {[%emt 0:00:15][%mdl 576] White wants to mate with Bf6. Decoy} Kxg7 (27... f6 28. Bxf6) 28. Qg5+ {[%emt 0:01:07] White mates.} Kh8 29. Qxh5+ Kg7 30. Qg5+ {[%emt 0:00:40] Weighted Error Value: White=0.12 (very precise) /Black=0.48} 1-0

[Event "15th Paleochora Open 2022"]
[Site "Paleochora"]
[Date "2022.07.17"]
[Round "1.12"]
[White "Karakatsanis, Nikolaos"]
[Black "Santiago, Yago De Moura"]
[Result "0-1"]
[ECO "C01"]
[WhiteElo "2025"]
[BlackElo "2513"]
[Annotator "TA"]
[PlyCount "80"]
[EventDate "2022.07.17"]
[EventType "swiss"]
[EventCountry "GRE"]
[SourceTitle "playchess.com"]
[Source "ChessBase"]
[SourceQuality "1"]
[TimeControl "40/5400+30:900+30"]

1. e4 e6 2. d4 d5 3. exd5 exd5 4. Bd3 c5 5. Qe2+ Be7 6. dxc5 Nf6 7. Nf3 O-O 8. h3 {[%emt 0:05:49] C01: French: Exchange Variation.} Bxc5 9. O-O Re8 10. Qd1 {[%emt 0:01:09] The position is equal.} Ne4 {[%emt 0:01:25] With the idea ...Qb6.} 11. Nc3 Nc6 {[%emt 0:12:06] [#]} 12. Bf4 $146 ({Predecessor:} 12. Bxe4 dxe4 13. Qxd8 Nxd8 14. Re1 f5 15. Nb5 Ne6 16. Ng5 Nd4 17. Nc7 Nxc2 18. Rd1 {½-½ (27) Cardoso,S (2152)-Orlov,V (2237) LSS email 2015}) 12... a6 (12... Bf5 $15) 13. Bxe4 $11 dxe4 14. Nd2 f5 15. Nc4 (15. Nb3 $11 {remains equal.} Ba7 16. Qxd8 Rxd8 17. Bg5) 15... Nd4 $36 {[%emt 0:07:51][%mdl 2048] Black has some pressure.} 16. Na4 Be6 17. Ne5 (17. Nxc5 $15 Bxc4 18. Nxb7 Ne2+ 19. Qxe2 Bxe2 20. Nxd8 Bxf1 21. Nb7) 17... Ba7 $1 $17 {[%emt 0:00:36] Hoping for ...Qh4. This bishop pair is nice.} 18. c3 Nb5 {[%emt 0:05:33] aiming for ...Qh4.} 19. c4 {[%emt 0:05:00] [#]} (19. Qh5 $17 {keeps fighting.}) 19... Nd4 (19... Qh4 $1 $19 20. Be3 Bxe3 21. fxe3 Qg3 22. cxb5 axb5) 20. c5 Qd5 21. Rc1 Rad8 22. Nc4 $1 Qxc4 $1 ({Much less strong is} 22... Bxc5 23. Ne3 Qxa2 24. Nxc5 $14) 23. Rxc4 Bxc4 ({Of course not} 23... Nf3+ $6 24. gxf3 Rxd1 25. Rxd1 $11) 24. Bd6 {[%emt 0:00:07] [#]} Bxc5 25. Bxc5 (25. Nxc5 $15 Rxd6 26. Nxb7) 25... Ne2+ {[%emt 0:00:10][%mdl 64] Discovered Attack} 26. Kh2 {[%emt 0:00:34] Black must now prevent Qc2.} Rxd1 {[%emt 0:00:09] Black is much more active.} 27. Rxd1 Bd3 28. g3 ({White should try} 28. Ba7) 28... b5 29. Nb6 {[%emt 0:04:06] Against Rc8} Kf7 30. Kg2 g5 31. Rh1 (31. a4 $142) 31... f4 $19 32. h4 (32. Re1 $142) 32... f3+ $2 (32... e3 $19 {has better winning chances.} 33. g4 exf2) 33. Kh3 $17 gxh4 ({Black should play} 33... Rg8 {...g4+ is the strong threat.} 34. Kg4 gxh4+ 35. Kxh4 Rg6) 34. Kxh4 Re6 {[%emt 0:02:02] And now ...Rh6+ would win.} 35. Be3 {[%emt 0:00:46] Against Rh6+} Nd4 {[%emt 0:01:20] Threatens to win with ...Nf5+.} 36. Nd5 $2 ({White has to play} 36. Kg4 $1 $15) 36... Nc2 $2 (36... Rd6 $19 37. Bxd4 Rh6+ 38. Kg4 Rxh1) 37. Kg4 $1 $11 Rd6 38. Nf4 (38. Rxh7+ $11 Kg8 39. Rh5) 38... Nxe3+ $19 {[%emt 0:00:20] Black is clearly winning.} 39. fxe3 f2 40. Nxd3 exd3 {[%emt 0:00:00] Weighted Error Value: White=0.58/Black=0.31} ({Don't go for} 40... Rxd3 $2 41. Kf4 $19) 0-1

[Event "15th Paleochora Open 2022"]
[Site "Paleochora"]
[Date "2022.07.17"]
[Round "1.13"]
[White "Grigorov, Grigor"]
[Black "Kalousek, Zdenek"]
[Result "1-0"]
[ECO "D03"]
[WhiteElo "2511"]
[BlackElo "2019"]
[Annotator "TA"]
[PlyCount "71"]
[EventDate "2022.07.17"]
[EventType "swiss"]
[EventCountry "GRE"]
[SourceTitle "playchess.com"]
[Source "ChessBase"]
[SourceQuality "1"]
[TimeControl "40/5400+30:900+30"]

1. d4 Nf6 2. Nf3 g6 3. Bg5 Bg7 4. Nbd2 d5 5. e3 O-O 6. Be2 c5 7. c3 cxd4 {[%emt 0:08:00] 7...b6 is becoming the main line. D03: 1 d4 d5 2 Nf3 Nf6 3 Bg5, including Torre Attack with early ...d5.} 8. cxd4 Nc6 9. O-O h6 {[%emt 0:04:08] The position is equal.} 10. Bh4 g5 11. Bg3 Nh5 12. Rc1 Nxg3 13. hxg3 Qd6 {[%emt 0:11:58] [#]} 14. Qb3 $146 ({Predecessor:} 14. a3 f5 15. b4 a5 16. b5 Nd8 17. a4 Bd7 18. Qb3 Nf7 19. Rc5 e6 20. b6 {1-0 (40) Sasikiran,K (2611)-Volokitin,A (2493) Lausanne 2001}) 14... e6 15. g4 f5 16. gxf5 Rxf5 17. Bd3 Rf7 18. Bg6 Rf6 19. Bb1 g4 20. Nh4 {[%emt 0:01:39] Hoping for Qd3.} h5 $1 21. f4 $36 {[%emt 0:04:00][%mdl 2048] White is pushing.} Rh6 22. g3 Bf6 {[%emt 0:00:01] [#]} (22... Qd8 $11 {remains equal.}) 23. Ng6 {[%emt 0:00:35] White is more active.} ({White should play} 23. Ne4 $1 $16 dxe4 24. Nf5) 23... h4 $2 ({Better is} 23... Bd8 $14) 24. gxh4 {[%emt 0:01:29] Qd1 is the strong threat.} Bxh4 $2 (24... Bd7 $16) 25. Kg2 $18 ({Worse is} 25. Ne5 Qe7 26. Kg2 (26. Nxc6 bxc6 27. Kg2 Kf7 $11) 26... Nxe5 27. fxe5 b6 $11) 25... Ne7 26. Ne5 Nf5 27. Rh1 (27. Nxg4 $18 Rg6 28. Kf3) 27... Bf6 $2 {[%emt 0:08:44] Black cannot hold the game after this.} (27... Qa6 $16 28. Kg1 Qe2) 28. Rxh6 Nxh6 29. Qd3 {[%emt 0:00:44] aiming for Qh7+.} Nf5 30. Qe2 Qf8 31. Rc7 {[%emt 0:03:19] Prevents Qg7.} ({Don't play} 31. Qxg4+ Qg7 32. Qxg7+ Bxg7 $18) 31... Bxe5 32. dxe5 {[%emt 0:01:15] Dancing on a razor blade.} Nh6 (32... Qd8) 33. Nf1 {[%emt 0:01:43] White is clearly winning.} Qd8 34. Rh7 Qh4 35. Qc2 {[%emt 0:00:34][%cal Oh7h8] White threatens Rh8+! and mate.} Qh3+ 36. Kg1 {[%emt 0:00:08] Weighted Error Value: White=0.39/Black=0.61} 1-0

[Event "15th Paleochora Open 2022"]
[Site "Paleochora"]
[Date "2022.07.17"]
[Round "1.14"]
[White "Koudounis, Vasileios"]
[Black "Zwardon, Vojtech"]
[Result "1-0"]
[ECO "E04"]
[WhiteElo "2018"]
[BlackElo "2503"]
[Annotator "TA"]
[PlyCount "119"]
[EventDate "2022.07.17"]
[EventType "swiss"]
[EventCountry "GRE"]
[SourceTitle "playchess.com"]
[Source "ChessBase"]
[SourceQuality "1"]
[TimeControl "40/5400+30:900+30"]

1. d4 Nf6 2. c4 e6 3. g3 d5 4. Nf3 dxc4 5. Bg2 c6 6. O-O b5 7. Ne5 {[%emt 0:00:48] E04: Open Catalan: 5 Nf3.} Bb7 $1 8. a4 Qb6 (8... a6 $11) 9. a5 {[%emt 0:12:37] White is slightly better.} Qa6 10. b3 $1 cxb3 11. Qxb3 Nbd7 {[%emt 0:16:46] [#]} 12. Nxd7 $146 ({Predecessor:} 12. Ba3 c5 13. Nxd7 Nxd7 14. Bxb7 Qxb7 15. dxc5 Nxc5 16. Qe3 b4 17. Bb2 Qe4 18. Qxe4 Nxe4 {0-1 (58) Raposio,R-Stawski,N (2045) Canberra 1999}) 12... Nxd7 13. Nc3 b4 {[%emt 0:01:54] Against Ba3} 14. Na2 c5 (14... Qxe2 15. Nxb4 Rc8 16. a6 $16) 15. Bxb7 Qxb7 16. dxc5 Bxc5 17. Rb1 Qb5 18. Nxb4 Qxe2 19. Qd3 (19. Qa4 $14) 19... Qxd3 $11 20. Nxd3 Bd6 21. Rb7 a6 (21... Ke7 $5 ) 22. Be3 Nf6 23. Bc5 Bxc5 24. Nxc5 Nd5 (24... O-O $11) 25. Nd7 $1 $14 {[%emt 0:02:40][%mdl 1024] White has compensation.} h5 26. Rc1 {[%emt 0:04:33] Hoping for Nb6.} h4 (26... Nf6 $14 27. Nxf6+ gxf6) 27. Kg2 {[%emt 0:00:08] White is much more active.} (27. Nb6 $1 $16 Rd8 28. Nxd5 exd5 29. Re1+ Kf8 30. Ree7) 27... Rh5 $2 {[%emt 0:01:19] [#]} (27... Rd8 $11) 28. Nb8 $1 $18 h3+ 29. Kf1 Rxb8 (29... Ne7 {keeps fighting.}) 30. Rxb8+ {[%emt 0:00:02][%mdl 4096] Endgame KRR-KRN} Ke7 31. Rc6 Rf5 32. Ke2 {[%emt 0:02:41] Inhibits Ne3.} Re5+ 33. Kf3 $2 (33. Kd3 $18 {and White stays clearly on top.}) 33... Rf5+ $16 34. Kg4 {[%emt 0:00:23] aiming for Rb7+.} Rxf2 35. Kxh3 f5 {[%emt 0:02:06] [#]} ({Better is} 35... g5) 36. Kh4 (36. Rxa6 $6 g5 $14) ({White should play} 36. g4 $1 $16 ) 36... Kf6 $11 (36... Rxh2+ $2 37. Kg5 Kd7 38. Rxa6 $18) 37. h3 g5+ 38. Kh5 {[%emt 0:00:01] Rh8 is the strong threat.} Rh2 39. Rf8+ Ke7 40. Ra8 Kf6 $1 ({Resist} 40... Rxh3+ 41. Kg6 Kd7 42. Rcxa6 $16) 41. Rf8+ Ke7 42. Rb8 {[%emt 0:00:22] Black must now prevent Kg6.} Rxh3+ $2 {[%emt 0:01:21][%mdl 8192] Black is on the road to losing.} (42... Kf6 $1 $11 {and Black has nothing to worry.} 43. Rf8+) 43. Kg6 $18 Rxg3 $2 (43... Kd7 44. Rxa6 Kc7) 44. Rb7+ Kd8 45. Rxa6 Kc8 46. Rh7 Kb8 47. Rd6 (47. Raa7 $142 Rb3 48. Rag7) 47... Nf4+ 48. Kf6 Rd3 49. Rb6+ Ka8 50. Rbb7 Nd5+ 51. Kxe6 Nf4+ 52. Kf6 Rd6+ 53. Kxg5 Ne6+ 54. Kxf5 Rd5+ 55. Kg4 {[%emt 0:06:10] Threatening mate with Ra7+.} ({Stronger than} 55. Kxe6 Re5+ 56. Kf7 Rf5+ 57. Ke8 Rf8+ 58. Ke7 Re8+ 59. Kf7 Rf8+ 60. Kg6 Rf6+ 61. Kg7 Rg6+ 62. Kf8 Rg8+ 63. Kf7 Rf8+ 64. Kg7 Rg8+ 65. Kf7 (65. Kf6 Rg6+ 66. Kf5 Rf6+ 67. Ke4 Re6+ 68. Kf3 Rf6+ 69. Kg2 Rg6+ 70. Kf2 Rf6+ 71. Kg3 Rg6+ 72. Kf3 Rg3+ 73. Kf2 Rg2+ 74. Kf3 Rg3+ 75. Kf4 Rf3+ 76. Kxf3 $11) 65... Rf8+ $11) 55... Nd8 56. Rbc7 {[%emt 0:02:29][%cal Rc7c8] White mates.} Nb7 57. a6 ({And not} 57. Rxb7 Rg5+ 58. Kf4 Rf5+ 59. Ke4 Re5+ 60. Kf4 Rf5+ 61. Kg4 Rg5+ 62. Kf4 Rf5+ $11) 57... Nd6 58. Rh8+ Ne8 59. Rxe8+ Rd8 60. Rxd8# {[%emt 0:00:01] Weighted Error Value: White=0.32/Black=0.61} 1-0

[Event "15th Paleochora Open 2022"]
[Site "Paleochora"]
[Date "2022.07.17"]
[Round "1.15"]
[White "Yankelevich, Lev"]
[Black "Luchi, Max"]
[Result "1-0"]
[ECO "E08"]
[WhiteElo "2496"]
[BlackElo "2014"]
[Annotator "TA"]
[PlyCount "51"]
[EventDate "2022.07.17"]
[EventType "swiss"]
[EventCountry "GRE"]
[SourceTitle "playchess.com"]
[Source "ChessBase"]
[SourceQuality "1"]
[TimeControl "40/5400+30:900+30"]

1. Nf3 Nf6 2. c4 e6 3. g3 d5 4. d4 Bb4+ 5. Bd2 Be7 6. Bg2 O-O 7. O-O Nbd7 8. Qc2 c6 9. Bf4 a5 10. Rd1 {[%emt 0:00:15] E08: Closed Catalan: Main Line: 7 Qc2.} a4 11. Ne5 {[%emt 0:07:15] 11.a3 is the hot move.} Qa5 12. Nc3 {[%emt 0:02:29] The position is equal.} Qa6 {[%emt 0:27:49] [#]} (12... Nxe5 $11 {keeps the balance.} 13. dxe5 Nd7) 13. cxd5 $146 {[%emt 0:16:58] White is much more active. The black rooks are badly placed.} (13. c5 $16) ({Predecessor:} 13. Rac1 dxc4 14. Ne4 a3 15. Nxc4 axb2 16. Rb1 Qa4 17. Rxb2 Qxc2 18. Rxc2 Nxe4 19. Bxe4 {½-½ (61) Beliavsky,A (2605)-Eingorn,V (2550) Leningrad 1990}) 13... cxd5 14. Rac1 h6 15. a3 g5 {[%emt 0:12:47] [#]} (15... Nh5 $14) 16. Be3 $1 $18 Nxe5 17. dxe5 Nd7 18. Bd4 Nc5 19. Bxd5 ({Not} 19. Nxd5 exd5 20. Bxc5 Bxc5 $16) 19... Rd8 $2 (19... exd5 $2 20. Bxc5 Bxc5 21. Nxd5 $18) (19... Nb3) 20. Ba2 {[%emt 0:02:59] Black must now prevent Bxc5.} Rxd4 (20... Nd7 21. e3 Nf8) 21. Rxd4 {[%emt 0:00:06] Bb1 would kill now.} b6 22. Bb1 {[%emt 0:00:38] White mates.} Kf8 23. Qh7 Ke8 {[%emt 0:00:02] [#]} 24. Bg6 $1 fxg6 (24... Bd7 25. Qg8+) 25. Qg8+ Bf8 26. Qxg6+ {[%emt 0:00:04] White took control after the opening.  Weighted Error Value: White=0.33/Black=0.79} 1-0

[Event "15th Paleochora Open 2022"]
[Site "Paleochora"]
[Date "2022.07.17"]
[Round "1.16"]
[White "Triantafilidis, Mihail"]
[Black "Hamitevici, Vladimir"]
[Result "0-1"]
[ECO "D02"]
[WhiteElo "1991"]
[BlackElo "2473"]
[Annotator "TA"]
[PlyCount "74"]
[EventDate "2022.07.17"]
[EventType "swiss"]
[EventCountry "GRE"]
[SourceTitle "playchess.com"]
[Source "ChessBase"]
[SourceQuality "1"]
[TimeControl "40/5400+30:900+30"]

1. Nf3 d5 2. g3 Nd7 3. d4 Ngf6 4. Bg2 Nb6 5. O-O Bf5 6. Nbd2 {[%emt 0:02:58] D02: 1 d4 d5 2 Nf3 sidelines, including 2...Nf6 3 g3 and 2...Nf6 3 Bf4.} h6 7. c4 e6 ({Don't take} 7... Nxc4 8. Nxc4 dxc4 9. Ne5 $16) 8. b3 {[%emt 0:02:55] White is slightly better.} Be7 9. Bb2 O-O 10. Ne5 {[%emt 0:00:39] [#]} c5 $146 ({Predecessor:} 10... c6 11. a3 Qc7 12. e3 Rad8 13. b4 Nxc4 14. Ndxc4 dxc4 15. Nxc4 Be4 16. f3 Bh7 {½-½ (23) Radzhabov,R (2381)-Bezgodov,A (2456) Cheliabinsk 2020}) 11. Rc1 {[%emt 0:03:50] Threatening cxd5.} cxd4 $1 12. cxd5 Nbxd5 13. Bxd4 (13. Ndc4 $5 ) 13... Nf4 14. gxf4 Qxd4 15. e3 Qb4 16. Rc7 Nd5 17. a3 Qb6 18. Rd7 Rfd8 $1 19. Bxd5 Rxd7 20. Nxd7 Qc7 21. Ne5 {[%emt 0:07:04] [#] aiming for Be4.} exd5 22. Qh5 g6 23. Qxh6 Bxa3 24. Ndf3 {[%emt 0:01:38] Hoping for Ng5.} Bf8 {[%emt 0:01:15] A strong pair of Bishops.} 25. Qh4 Qe7 26. Qg3 $1 Bg7 27. Nd4 Qf6 28. Rd1 Rc8 29. Nxf5 (29. h4 $14) 29... Qxf5 $11 30. Rxd5 $2 (30. h3 $11 {and White stays safe.}) 30... Bxe5 $19 31. Rxe5 $2 $14 {[%emt 0:00:17][%mdl 4096] Endgame KQR-KQR} (31. Qf3 Qb1+ 32. Rd1) 31... Rc1+ $19 32. Kg2 {[%emt 0:00:04] [#]} Qb1 {[%emt 0:00:58] And now ...Rg1+ would win.} ({Not} 32... Qd3 33. f5 Qf1+ 34. Kf3 Qd1+ 35. Kg2 Qf1+ 36. Kf3 Qd1+ 37. Kg2 Qf1+ $14) 33. Re8+ Kg7 {[%emt 0:00:07] ( -> ...Rg1+)} 34. Qh4 Rg1+ {[%emt 0:00:19] Black mates.} 35. Kf3 Qd1+ 36. Ke4 Qc2+ 37. Ke5 Qc5+ {[%emt 0:00:19] Weighted Error Value: White=0.66/Black=0.05 (flawless)} (37... Qc3+ $142 38. Ke4 f5+ 39. Kd5 Rd1+ 40. Ke6 Qc6+ 41. Ke7 Qe4#) 0-1

[Event "15th Paleochora Open 2022"]
[Site "Paleochora"]
[Date "2022.07.17"]
[Round "1.17"]
[White "Leniart, Arkadiusz"]
[Black "Androni, Konstantina"]
[Result "1-0"]
[ECO "B70"]
[WhiteElo "2473"]
[BlackElo "1982"]
[Annotator "TA"]
[PlyCount "85"]
[EventDate "2022.07.17"]
[EventType "swiss"]
[EventCountry "GRE"]
[SourceTitle "playchess.com"]
[Source "ChessBase"]
[SourceQuality "1"]
[TimeControl "40/5400+30:900+30"]

1. e4 c5 2. Nf3 d6 3. d4 cxd4 4. Nxd4 Nf6 5. Nc3 g6 6. g3 Bg7 7. Bg2 O-O 8. O-O Nc6 9. Nde2 Bd7 10. h3 Rc8 {[%emt 0:02:45] 10...Rb8 is more fashionable.} 11. Be3 Qa5 12. Nd5 {[%emt 0:05:25] B70: Sicilian Dragon: 6 g3 and 6 Be2 (without a later Be3).} Nxd5 13. exd5 Ne5 14. Bd4 {[%emt 0:04:48] [#]} (14. b3 $14) 14... Bxh3 $146 ({Predecessor:} 14... Bf5 15. c3 Qb5 16. b3 Nd7 17. c4 Qa5 18. Bxg7 Kxg7 19. g4 Bxg4 20. hxg4 Ne5 {1-0 (57) Micheli,E (1359)-Schippke,M (1646) Hyeres 2019}) 15. Bxh3 Nf3+ 16. Kh1 {[%emt 0:04:56] Threatens to win with Bxg7.} Nxd4 17. Nxd4 Qxd5+ 18. Nf3 Qxd1 19. Rfxd1 Rxc2 20. Rd2 Rxd2 ({Resist} 20... Rxb2 21. Rxb2 Bxb2 22. Rb1 $16) 21. Nxd2 e6 22. Rc1 {[%emt 0:01:50] Inhibits Rc8.} Bxb2 23. Rb1 Bd4 24. Rxb7 Bxf2 25. Ne4 Bb6 (25... Be3 $1 $14) 26. Nf6+ (26. Ng5 $1 $16) 26... Kg7 $11 27. Nd7 Re8 28. Nxb6 axb6 {[%emt 0:00:02][%mdl 4096] Endgame KRB-KR} 29. a4 d5 30. Bf1 e5 (30... Rc8 $11) 31. Rxb6 $14 {[%emt 0:00:39] Strongly threatening a5.} e4 (31... Ra8 $14) 32. a5 (32. Bb5 $1 $16 Rd8 33. Rb7) 32... Rc8 (32... d4 $14) 33. Rb1 (33. a6 $18 {a7 is the strong threat.} Rc1 34. Kg2) 33... Kf6 {[%emt 0:04:01] [#] Loses the game.} (33... d4 $1 $14) 34. a6 $1 $18 Rc7 $2 (34... Ra8 35. Rb7 Ke6) 35. Ra1 {[%emt 0:00:26] And now a7 would win.} Ra7 36. Bb5 {[%emt 0:00:05] Hoping for Bc6.} Ke5 $2 {[%emt 0:01:56] [#]} (36... Ke6 37. Bc6 f5) 37. Bc6 $1 e3 38. Kg2 d4 39. Kf3 f5 40. Ra5+ Kd6 41. Bb7 f4 (41... Ke6 $18 42. Ke2 g5) 42. gxf4 (42. Rd5+ $142 Ke7 43. gxf4 h5 44. Rxd4 Kf6 45. Rd8 e2 46. Kxe2 Kf5 47. Ke3) 42... h5 43. Rd5+ {[%emt 0:00:18] Weighted Error Value: White=0.17 (very precise) /Black=0.73} 1-0

[Event "15th Paleochora Open 2022"]
[Site "Paleochora"]
[Date "2022.07.17"]
[Round "1.18"]
[White "Wolf, Ulrich Martin"]
[Black "Nevednichy, Vladislav"]
[Result "0-1"]
[ECO "A14"]
[WhiteElo "2174"]
[BlackElo "2473"]
[Annotator "TA"]
[PlyCount "66"]
[EventDate "2022.07.17"]
[EventType "swiss"]
[EventCountry "GRE"]
[SourceTitle "playchess.com"]
[Source "ChessBase"]
[SourceQuality "1"]
[TimeControl "40/5400+30:900+30"]

1. Nf3 d5 2. c4 e6 3. b3 Nf6 4. Bb2 b6 5. g3 Bb7 6. Bg2 Nbd7 7. O-O Be7 8. d3 O-O 9. Qc2 c5 10. Nbd2 Qc7 {[%emt 0:06:05] A14: English Opening: 1...e6 with b3 by White.} 11. Rac1 (11. cxd5 $142 Nxd5 12. a3) 11... Rad8 ({Black should play} 11... d4) 12. e3 Qb8 {[%emt 0:01:32] [#] The position is equal.} 13. cxd5 $146 ({Predecessor:} 13. Rfd1 e5 14. cxd5 Nxd5 15. Qb1 Rfe8 16. Nc4 Bf8 17. Qa1 f6 18. a3 Kh8 19. Nh4 {1-0 (49) Kriebel,T (2365)-Borisenko,V (2298) Budva 2013}) 13... Nxd5 14. a3 Rc8 15. Qb1 (15. e4 $5 N5f6 16. Nc4 $14) 15... Rfd8 (15... Bf6 {is more complex.} 16. b4 cxb4 17. axb4 Nc3) 16. Qa1 Bf8 17. e4 Ne7 18. Ne5 {[%emt 0:03:50] [#]} (18. a4 $11 {keeps the balance.}) 18... Nxe5 $1 $17 19. Bxe5 Qa8 20. Qb1 Nc6 21. Bc3 {[%emt 0:01:32] [#]} Nd4 ({Better is} 21... Ba6 $1 $17 22. Qb2 (22. Nc4 b5 $17) 22... Bxd3) 22. Bxd4 Rxd4 23. Nf3 Rd6 24. Rfd1 Rcd8 25. Bf1 g6 26. Nd2 Bh6 27. Nc4 Rd4 28. Ne3 Qb8 29. b4 cxb4 {[%emt 0:04:19] Black is more active.} 30. axb4 b5 31. Rc5 a6 32. Nc2 R4d7 33. f4 $2 {[%emt 0:04:06] [#]} (33. Be2 $17 {was called for.}) 33... Bxe4 $1 {[%emt 0:00:35][%mdl 512] Weighted Error Value: White=0.36/Black=0.14 (very precise)} 0-1

[Event "15th Paleochora Open 2022"]
[Site "Paleochora"]
[Date "2022.07.18"]
[Round "2.1"]
[White "Yilmaz, Mustafa"]
[Black "Barrish, Daniel"]
[Result "1-0"]
[ECO "D27"]
[WhiteElo "2634"]
[BlackElo "2283"]
[Annotator "TA"]
[PlyCount "109"]
[EventDate "2022.07.17"]
[EventType "swiss"]
[EventCountry "GRE"]
[SourceTitle "playchess.com"]
[Source "ChessBase"]
[SourceQuality "1"]
[TimeControl "40/5400+30:900+30"]

1. d4 d5 2. c4 dxc4 3. Nf3 Nf6 4. e3 e6 5. Bxc4 c5 6. O-O a6 7. Be2 {[%emt 0:04:19] D27: Queen's Gambit Accepted: Classical main line: 7 e4!? and 7 a4.} cxd4 8. Nxd4 Be7 9. b3 {[%emt 0:04:58] [#] White is slightly better.} e5 $146 ({Predecessor:} 9... O-O 10. Bb2 b5 11. Nd2 Bb7 12. a4 Nc6 13. axb5 Nxd4 14. Bxd4 axb5 15. Bf3 Qd7 16. h3 {½-½ (58) Mamedyarov,S (2759)-So,W (2776) Stavanger 2022}) 10. Nf3 Qc7 11. Bb2 Nc6 12. Nbd2 (12. Qc2 $5 ) 12... Be6 13. Rc1 Nd7 14. Bc4 Qd6 15. Ne4 Qxd1 16. Rfxd1 {[%emt 0:00:02] Strongly threatening Bxe6.} Bxc4 17. Rxc4 f6 18. Nh4 {[%emt 0:11:27] Hoping for Nf5.} g6 {[%emt 0:12:33] Against Nf5} 19. Rcc1 Rd8 20. f4 O-O 21. Nf3 exf4 22. exf4 f5 23. Nf2 Nf6 24. Re1 {[%emt 0:03:08][%cal Oc1c6] Rxc6! is the strong threat.} Nd5 25. g3 Bb4 26. Re6 Rfe8 27. Rxe8+ Rxe8 28. Ne5 Nce7 29. Nfd3 Rc8 30. Rxc8+ Nxc8 31. Nxb4 Nxb4 $11 {[%emt 0:00:05][%mdl 4096] Endgame KBN-KNN} 32. a3 Nd5 33. Kf2 Nd6 34. Ke2 Ne4 35. Kd3 Kf8 36. Kd4 Nc7 37. a4 Ke7 38. Nd3 Ne6+ ({Better is} 38... Nd2 $11) 39. Kd5 $14 Nc7+ 40. Ke5 b6 41. Bc1 Kd7 (41... Ne6 $16 {was called for.}) 42. Be3 $18 b5 43. a5 $1 Ne6 44. g4 $1 Nd6 45. g5 Ne4 {[%emt 0:01:14] [#]} 46. h4 (46. Nb4 $1 $18 {[%cal Rb4a6] and the rest is easy.}) 46... Ke7 {[%emt 0:02:55] [#]} 47. Nb4 (47. Ba7 $1 $16) 47... N4c5 (47... N6c5 $1 $14) 48. Nd5+ $16 Kf7 $2 (48... Kd7 $14) 49. Bxc5 $18 Nxc5 {[%emt 0:00:06] KN-KN} 50. b4 Nd3+ 51. Kd6 Ne1 52. Nc7 Nd3 53. Nxa6 {[%emt 0:00:05] Intending Nc7 and mate.} Nxf4 54. Nc7 Nd3 55. a6 {[%emt 0:00:09] Weighted Error Value: White=0.10 (very precise) /Black=0.33} 1-0